 Dungeon Crawl Stone Soup version 0.19-a0-1035-gdbfb0c6 (webtiles) character file.

176 JustSomeDude the Skirmisher (level 5, 0/42 HPs)
             Began as a Demonspawn Monk on July 29, 2016.
             Slain by an ice beast (14 damage)
             ... on level 3 of the Dungeon.
             The game lasted 00:07:49 (2841 turns).

JustSomeDude the Skirmisher (Demonspawn Monk)       Turns: 2841, Time: 00:07:49

Health: 0/42       AC:  7    Str: 13    XL:     5   Next: 30%
Magic:  5/5        EV: 13    Int: 11    God:
Gold:   171        SH:  0    Dex: 15    Spells: 0 memorised, 4 levels left

rFire  . . .     SeeInvis .     a - +0 spear
rCold  . . .     Gourm    .     n - +0 ring mail
rNeg   . . .     Faith    .     (no shield)
rPois  .         Spirit   .     (no helmet)
rElec  .         Dismiss  .     (no cloak)
rCorr  .         Reflect  .     g - +0 pair of gloves
SustAt .         Harm     .     q - +0 pair of boots
MR     .....                    (no amulet)
Stlth  ++........               (no ring)
                                (no ring)

@: flying, not resistant to hostile enchantments, unstealthy
A: rot immunity, sturdy frame 2
a: no special abilities


You were on level 3 of the Dungeon.
You were hungry.

You visited 1 branch of the dungeon, and saw 3 of its levels.

You collected 171 gold pieces.

Inventory:

Hand Weapons
 a - a +0 spear (weapon)
Armour
 b - a +0 robe
 g - a +0 pair of gloves (worn)
 n - a +0 ring mail (worn)
 q - a +0 pair of boots (worn)
Jewellery
 t - an uncursed ring of see invisible {unknown}
Scrolls
 i - 5 scrolls of remove curse {unknown}
 j - 3 scrolls of recharging {unknown}
 k - 8 scrolls of identify {unknown}
 o - 2 scrolls of magic mapping {unknown}
 p - a scroll of enchant armour {unknown}
 r - a scroll of teleportation {unknown}
Potions
 e - a potion of might
 f - a potion of curing
 h - a potion of flight
 l - a potion of degeneration {unknown}
 s - a potion of agility {unknown}
Comestibles
 c - 3 bread rations
 d - 4 meat rations
 m - a slice of pizza
 u - 2 fruits


   Skills:
 + Level 3.9 Fighting
 + Level 3.5 Polearms
 + Level 1.1 Armour
 + Level 3.5 Dodging
 + Level 2.9 Stealth


You had 4 spell levels left.
You didn't know any spells.

Dungeon Overview and Level Annotations

Branches:
Dungeon (3/15)

Altars:
Fedhas
Kikubaaqudgha


Innate Abilities, Weirdness & Mutations

You are immune to rotting.
Your movements are less encumbered by armour. (ER -4)


Message History

The ice beast is moderately wounded.
The ice beast hits you. The ice beast freezes you!
Attack whom?
Press: ? - help, Dir - move target cursor, f/p - ice beast
Aim: an ice beast (moderately wounded)
Okay, then.
It was a potion of flight.
You feel very buoyant.
You fly up into the air.
The ice beast closely misses you.
A hobgoblin comes into view. It is wielding a club.
The hobgoblin shouts!
You hit the hobgoblin.
The hobgoblin is almost dead.
The ice beast misses you.
The hobgoblin hits you but does no damage.
You barely miss the hobgoblin.
The hobgoblin is almost dead.
You are feeling hungry.
The ice beast hits you. The ice beast freezes you!
You die...

# . + # . # .#. #
#.#.# ##.#. ...
#+# #g# #.# #@#
#.# #Y# ##.## ##
#.# #####...###.
#.#####........#..
#........w....#...
#######.###.......
#.###.#.#...
#...........
###########.


You could see an ice beast and a hobgoblin.

Vanquished Creatures
  An orc priest (D:3)
  Robin (D:2)
  3 gnolls (D:3)
  2 adders (D:2)
  An ooze (D:3)
  2 worms (D:2)
  A dart slug (D:2)
  2 giant geckos
  2 orcs (D:3)
  11 bats
  6 giant cockroaches
  7 hobgoblins
  2 jackals (D:2)
  2 ball pythons
  5 giant newts
  15 goblins
  3 kobolds
  6 rats
72 creatures vanquished.

Notes
Turn   | Place    | Note
-------+----------+-------------------------------------------
     0 | D:1      | JustSomeDude the Demonspawn Monk began the quest for the Orb.
     0 | D:1      | Reached XP level 1. HP: 18/18 MP: 1/1
   288 | D:1      | Gained mutation: Your movements are slightly less encumbered by armour. (ER -2) [demonic ancestry]
   288 | D:1      | Reached XP level 2. HP: 21/24 MP: 2/2
  1052 | D:2      | Gained mutation: Your movements are less encumbered by armour. (ER -4) [demonic ancestry]
  1052 | D:2      | Reached XP level 3. HP: 25/29 MP: 3/3
  1749 | D:2      | Noticed Robin
  1765 | D:2      | Killed Robin
  1765 | D:2      | Reached XP level 4. HP: 20/36 MP: 4/4
  2250 | D:3      | Reached skill level 1 in Armour
  2250 | D:3      | Gained mutation: You are immune to rotting. [demonic ancestry]
  2250 | D:3      | Reached XP level 5. HP: 32/42 MP: 5/5
  2600 | D:3      | Found an ancient bone altar of Kikubaaqudgha.
  2600 | D:3      | Found a blossoming altar of Fedhas.
  2767 | D:3      | Noticed an ice beast
  2841 | D:3      | Slain by an ice beast

Vault maps used:
D:1:      dpeg_arrival_castle
D:2:      first_bread, uniq_robin
D:3:      grunt_temple_overflow_growth_and_decay,
          hangedman_abyss_or_decor_lesser_grid, grunt_ministairs_8

Skill      XL: |  1  2  3  4 |
---------------+-------------+-----
Dodging        | 3 |  3.5
Polearms       | 3 |  3.5
Stealth        | 2 |  2.9
Armour         | 1 |  1.1
Fighting       | |  3.9

Action                   |  1- 3 |  4- 6 || total
-------------------------+-------+-------++-------
Melee: Spear             |   134 |   172 ||   306
  Use: Potion            |     2 |     1 ||     3
 Stab: Sleeping          |     5 |     4 ||     9
  Eat: Chunk             |     3 |     3 ||     6
Armor: Robe              |     6 |       ||     6
       Ring mail         |    13 |    54 ||    67
Dodge: Dodged            |    72 |   114 ||   186
